 Dungeon Crawl Stone Soup version 0.17.0 (webtiles) character file.

2670 dysrexia the Covert (level 9, 0/46 HPs)
             Began as a Felid Monk on Nov 6, 2015.
             Was an Elder of Nemelex Xobeh.
             Slain by a wyvern skeleton (11 damage)
             ... on level 10 of the Dungeon.
             The game lasted 00:42:40 (8747 turns).

dysrexia the Covert (Felid Monk)                    Turns: 8747, Time: 00:42:41

Health: 0/46       AC:  2    Str:  7    XL:     9   Next: 37%
Magic:  5/14       EV: 24    Int: 11    God:    Nemelex Xobeh [****..]
Gold:   504        SH:  0    Dex: 22    Spells: 1 memorised, 3 levels left
                                        Lives:  0   Deaths: 2

rFire  . . .     SeeInvis +       - Unarmed
rCold  . . .     Clarity  .     (armour unavailable)
rNeg   . . .     SustAt   .     (shield unavailable)
rPois  .         Gourm    .     (helmet unavailable)
rElec  .         Spirit   .     (cloak unavailable)
rCorr  +         Warding  .     (gloves unavailable)
rMut   .         Stasis   .     (boots unavailable)
MR     +....                    q - amulet of resist corrosion
Stlth  ++++++....               (no ring)
                                y - ring of wizardry

@: about to teleport, drained, quick, somewhat resistant to hostile
enchantments, very stealthy
A: no armour, no weapons or thrown items, claws 1, fangs 3, see invisible,
carnivore 3, speed 1, shaggy fur 2, slow metabolism 1, sharp paws
a: Triple Draw, Deal Four, Renounce Religion


You were on level 10 of the Dungeon.
You worshipped Nemelex Xobeh.
Nemelex Xobeh was greatly pleased with you.
You were very full.

You visited 2 branches of the dungeon, and saw 11 of its levels.

You collected 538 gold pieces.

Inventory:

Jewellery
 m - an uncursed amulet of warding
 q - an amulet of resist corrosion (around neck)
 x - an uncursed ring of fire
 y - a ring of wizardry (left paw)
 G - an uncursed ring of ice
Wands
 p - a wand of polymorph (12)
 w - a wand of disintegration (4)
 B - a wand of digging (20)
Scrolls
 e - 5 scrolls of identify
 f - 8 scrolls of remove curse
 j - 3 scrolls of magic mapping
 k - 2 scrolls of recharging
 l - 6 scrolls of teleportation
 r - a scroll of fog
 s - a scroll of fear
 E - a scroll of amnesia
Potions
 b - 3 potions of curing
 d - a potion of brilliance
 h - 4 potions of lignification
 i - 2 potions of experience {unknown}
 n - 3 potions of degeneration {unknown}
 o - 2 potions of heal wounds
 t - a potion of cure mutation {unknown}
 v - 2 potions of poison {unknown}
 A - a potion of resistance {unknown}
 D - 2 potions of flight {unknown}
 F - a potion of cancellation {unknown}
 H - a potion of magic {unknown}
Books
 z - a book of the Sky

   Spells                             Type                      Level
   a - Summon Lightning Spire         Summoning/Air                4
   b - Airstrike                      Air                          4
   c - Silence                        Hexes/Air                    5
   d - Deflect Missiles               Charms/Air                   6
   e - Conjure Ball Lightning         Conjuration/Air              6
   f - Tornado                        Air                          9
Miscellaneous
 c - a plain deck of escape {drawn: 5}
 u - a legendary deck of war {drawn: 2}
 C - a plain deck of destruction {drawn: 2}
 I - a plain deck of destruction {drawn: 1}
Comestibles
 a - 2 meat rations
 g - a royal jelly
 K - 2 chunks of flesh


   Skills:
 * Level 10.0(9.8) Fighting
 - Level 6.8(6.6) Dodging
 + Level 11.0(10.7) Stealth
 - Level 5.4(5.1) Unarmed Combat
 + Level 6.6(6.4) Evocations


You had 3 spell levels left.
You knew the following spells:

 Your Spells              Type           Power        Failure   Level  Hunger
a - Silence               Hex/Air        #.........   100%        5    ######.


Dungeon Overview and Level Annotations

Branches:
Dungeon (10/15)            Temple (1/1) D:4
   Lair: D:8-11         Orc: D:9-12

Altars:
Ashenzari
Cheibriados
Dithmenos
Elyvilon
Fedhas
Gozag
Kikubaaqudgha
Makhleb
Nemelex Xobeh
Okawaru
Qazlal
Ru
Sif Muna
Trog
Vehumet
Xom
Yredelemnul
Zin
The Shining One

Annotations:
D:3 exclusion: centaur, PasK's ghost, amateur HEWz


Innate Abilities, Weirdness & Mutations

You cannot wear armour.
You are incapable of wielding weapons or throwing items.
You have sharp claws.
You have razor-sharp teeth.
You have supernaturally acute eyesight.
You are carnivorous and can eat meat at any time.
You cover ground quickly.
You are covered in thick fur (AC +2).
You have a slow metabolism.
Your sharp claws are effective at attacking unaware monsters.


Message History

The orc wizard blinks!
The orc wizard mumbles some strange words.
The orc wizard blinks!
The orc wizard casts a spell.
The orc wizard blinks!
The orc wizard mumbles some strange words.
The orc wizard blinks!
The giant frog skeleton hits you.
* * * LOW HITPOINT WARNING * * *
Unknown command.
The orc wizard gestures wildly while chanting.
The orc wizard blinks!
The wyvern skeleton closely misses you.
Read which item? (? for menu, Esc to quit)
As you read the scroll of teleportation, it crumbles to dust.
You feel strangely unstable.
The orc wizard casts a spell.
The orc wizard blinks!
The giant frog skeleton closely misses you.
The wyvern skeleton bites you!
You die...
Your body disappears without a glow.

#..#################
#...<...............
#..)o.§..o...)).....
#............))((.(.
#####...........§##'####
......§...^..}.(.#......
..........o..)..(#......
.......Z..§#######......
.......@Z..# #......
....######## #...... ...
#...... ####### .. ..
... ... ..


You could see 2 orc wizards, an orc (fleeing), a giant frog skeleton and a
wyvern skeleton.

Vanquished Creatures
  The ghost of Rayvis the Covert, a novice FeEn (D:6)
  A raiju (D:9)
  A trapdoor spider zombie (D:8)
  A deep elf mage (D:8)
  A wyvern (D:8)
  2 hippogriffs
  An ice beast (D:5)
  An ogre (D:5)
  2 sky beasts (D:8)
  3 centaurs
  3 giant frogs
  6 killer bees
  2 scorpions
  9 hounds
  A quasit (D:9)
  A centaur zombie (D:5)
  2 jellies (D:6)
  2 crimson imps
  3 centaur skeletons
  A giant frog skeleton (D:6)
  Crazy Yiuf (D:6)
  2 giant frog zombies (D:5)
  2 orc priests
  6 worker ants
  3 orc wizards
  2 iguanas
  A hound zombie (D:6)
  A hound skeleton (D:5)
  10 gnolls (D:6)
  3 adders
  2 oozes (D:6)
  2 adder skeletons
  4 worms
  3 giant geckos
  22 orcs
  A ball python (D:7)
  5 giant cockroaches
  3 hobgoblins
  3 jackals (D:2)
  4 bats
  2 giant gecko skeletons (D:8)
  2 giant newts
  9 goblins
  14 kobolds
  A quokka (D:9)
  3 rats
  A butterfly (D:4)
156 creatures vanquished.

Vanquished Creatures (collateral kills)
  An entropy weaver (D:10)
  An orc warrior (D:10)
  An ogre (D:4)
  A big kobold (D:9)
  3 killer bees (D:8)
  A gnoll shaman (D:6)
  An orc priest (D:9)
  A worker ant (D:9)
  2 gnolls (D:6)
  A river rat (D:9)
  An adder (D:10)
  7 orcs
  2 kobolds (D:9)
23 creatures vanquished.

Vanquished Creatures (others)
  14 fungi (D:6)
14 creatures vanquished.

Grand Total: 193 creatures vanquished

Notes
Turn   | Place    | Note
--------------------------------------------------------------
     0 | D:1      | dysrexia the Felid Monk began the quest for the Orb.
     0 | D:1      | Reached XP level 1. HP: 10/10 MP: 2/2
   125 | D:1      | Reached XP level 2. HP: 14/14 MP: 3/3
   757 | D:2      | Found a glowing silver altar of Zin.
   757 | D:2      | Found a shattered altar of Ashenzari.
   759 | D:2      | Reached XP level 3. HP: 17/17 MP: 4/4
   862 | D:3      | Noticed PasK's ghost (amateur HEWz)
   886 | D:3      | Reached skill level 5 in Unarmed Combat
  1168 | D:3      | Reached XP level 4. HP: 19/21 MP: 5/5
  1170 | D:3      | Found a glowing golden altar of the Shining One.
  1215 | D:3      | Noticed a centaur
  1563 | D:3      | Found a basalt altar of Yredelemnul.
  1650 | D:3      | HP: 1/21 [white imp/puff of frost[PasK's ghost] (7)]
  1655 | D:3      | Killed from afar by PasK's ghost
  1656 | D:3      | Reached XP level 3. HP: -7/17 MP: 4/4
  1788 | D:4      | Reached XP level 4. HP: 21/21 MP: 5/5
  1821 | D:4      | Noticed a scorpion
  1828 | D:4      | Found a staircase to the Ecumenical Temple.
  1830 | D:4      | Killed a scorpion
  1830 | D:4      | Reached skill level 5 in Dodging
  1836 | Temple   | Entered the Ecumenical Temple
  1926 | Temple   | Became a worshipper of Nemelex Xobeh the Trickster
  1926 | Temple   | Received a gift from Nemelex Xobeh
  1926 | Temple   | Received a gift from Nemelex Xobeh
  1926 | Temple   | Reached * piety under Nemelex Xobeh
  1926 | Temple   | Reached ** piety under Nemelex Xobeh
  1967 | D:4      | Reached XP level 5. HP: 24/24 MP: 6/6
  2007 | D:4      | Received a gift from Nemelex Xobeh
  2165 | D:4      | Noticed a giant frog
  2179 | D:4      | Reached skill level 5 in Stealth
  2185 | D:4      | Noticed an ogre
  2185 | D:4      | Killed a giant frog
  2185 | D:4      | Gained mutation: You are covered in thick fur (AC +2). [Felid growth]
  2185 | D:4      | Reached XP level 6. HP: 11/28 MP: 7/7
  2211 | D:4      | Killed an ogre
  2211 | D:4      | Reached skill level 6 in Dodging
  2238 | D:4      | Received a gift from Nemelex Xobeh
  2533 | D:4      | Received a gift from Nemelex Xobeh
  2630 | D:5      | Entered Level 5 of the Dungeon
  2630 | D:5      | Reached *** piety under Nemelex Xobeh
  2884 | D:5      | Found a shadowy altar of Dithmenos.
  2921 | D:5      | Reached XP level 7. HP: 21/32 MP: 8/8
  3105 | D:5      | Reached skill level 7 in Stealth
  3713 | D:5      | Reached skill level 1 in Evocations
  4129 | D:5      | Learned a level 5 spell: Silence
  4137 | D:5      | You fall through a shaft!
  4270 | D:6      | Reached skill level 5 in Fighting
  4506 | D:6      | Received a gift from Nemelex Xobeh
  4609 | D:6      | Noticed a cyan ugly thing
  4642 | D:6      | Reached XP level 8. HP: 31/37 MP: 10/10
  4670 | D:6      | Noticed Crazy Yiuf
  4676 | D:6      | Killed Crazy Yiuf
  4676 | D:6      | Reached skill level 8 in Stealth
  4710 | D:6      | Noticed a slime creature
  4778 | D:6      | Found a glowing golden altar of the Shining One.
  4794 | D:6      | Noticed Rayvis's ghost (novice FeEn)
  4948 | D:6      | Killed Rayvis's ghost
  5482 | D:7      | Reached **** piety under Nemelex Xobeh
  5529 | D:7      | Found a shimmering altar of Xom.
  5529 | D:7      | Found a shimmering altar of Xom.
  5530 | D:7      | Found a shimmering altar of Xom.
  5530 | D:7      | Found a shimmering altar of Xom.
  5530 | D:7      | Found a shimmering altar of Xom.
  5530 | D:7      | Found a shimmering altar of Xom.
  5530 | D:7      | Found a shimmering altar of Xom.
  5533 | D:7      | Found a shimmering altar of Xom.
  5533 | D:7      | Found a shimmering altar of Xom.
  5792 | D:7      | Reached skill level 9 in Stealth
  6500 | D:8      | Reached XP level 9. HP: 43/43 MP: 13/13
  6838 | D:8      | Received a gift from Nemelex Xobeh
  6840 | D:8      | Reached skill level 5 in Evocations
  7041 | D:8      | Found a snail-covered altar of Cheibriados.
  7073 | D:8      | Reached skill level 10 in Stealth
  7731 | D:9      | Received a gift from Nemelex Xobeh
  7787 | D:9      | Reached ***** piety under Nemelex Xobeh
  7887 | D:9      | Slain by a raiju
  7888 | D:9      | Reached XP level 8. HP: -2/42 MP: 13/13
  8246 | D:9      | Reached XP level 9. HP: 27/46 MP: 14/14
  8427 | D:10     | Entered Level 10 of the Dungeon
  8427 | D:10     | Noticed a six-headed hydra
  8436 | D:10     | Noticed an entropy weaver
  8436 | D:10     | a six-headed hydra changed into an entropy weaver
  8440 | D:10     | Killed an entropy weaver
  8440 | D:10     | Reached skill level 10 in Fighting
  8732 | D:10     | Received a gift from Nemelex Xobeh
  8737 | D:10     | Reached skill level 11 in Stealth
  8747 | D:10     | Slain by a wyvern skeleton

Action                   |  1- 3 |  4- 6 |  7- 9 || total
-------------------------+-------+-------+-------++-------
Melee: Unarmed           |    81 |    95 |   328 ||   504
Invok: Triple Draw       |       |       |     1 ||     1
       Deal Four         |       |       |     1 ||     1
Evoke: Deck              |       |     2 |    22 ||    24
       Wand              |       |       |     1 ||     1
  Use: Scroll            |     8 |     5 |     7 ||    20
       Potion            |       |       |     1 ||     1
 Stab: Sleeping          |     6 |     8 |    27 ||    41
  Eat: Chunk             |    13 |     2 |    16 ||    31
